[Event "Early-Titled-Tuesday-Blitz-September-26-2023"]
[Site "Chess.com"]
[Date "2023.09.26"]
[Round "1"]
[White "imdvb6307"]
[Black "JaloliddinIlkhomi"]
[Result "0-1"]
[WhiteElo "2457"]
[BlackElo "2757"]
[TimeControl "180+1"]
[EndTime "8:05:59 PDT"]
[Termination "JaloliddinIlkhomi won on time"]

1. d4 Nf6 2. Nf3 e6 3. Bg5 Be7 4. Nbd2 b6 5. e4 Bb7 6. Bd3 d5 7. e5 Ne4 8. Bxe7 Qxe7 9. Qe2 Nxd2 10. Qxd2 Ba6 11. c3 c5 12. h4 Bxd3 13. Qxd3 Nc6 14. O-O O-O 15. Ng5 f5 16. g3 Rac8 17. a3 cxd4 18. cxd4 h6 19. Nh3 Qf7 20. b4 Ne7 21.
Rac1 Ng6 22. h5 Ne7 23. Nf4 g5 24. hxg6 Nxg6 25. Qe3 Nxf4 26. Qxf4 Qg6 27. Kg2 Qg5 28. Kf3 Kf7 29. Rh1 Qxf4+ 30. Kxf4 Kg6 31. Ke3 Rc4 32.
f4 Rfc8 33. Rxc4 Rxc4 34. Ra1 b5 35. Kf3 Rxd4 0-1

[Event "Early-Titled-Tuesday-Blitz-September-26-2023"]
[Site "Chess.com"]
[Date "2023.09.26"]
[Round "1"]
[White "Crazy_girl99"]
[Black "Barmen_EV"]
[Result "1-0"]
[WhiteElo "2743"]
[BlackElo "2439"]
[TimeControl "180+1"]
[EndTime "8:06:02 PDT"]
[Termination "Crazy_girl99 won by checkmate"]

1. e4 c5 2. Nf3 Nc6 3. Nc3 d6 4. Bc4 g6 5. d4 cxd4 6. Nxd4 Bg7 7. Be3 e5 8. Ndb5 Bf8 9. Nd5 Rb8 10.
Nbc7+ Kd7 11. Qg4+ f5 12. exf5 Nf6 13. Nxf6+ Qxf6 14. Bg5 gxf5 15. Bxf6 fxg4 16. Nb5 a6 17. Nc3 b5 18. Bb3 b4 19. Ne4 Bb7 20. Bxh8 Nd4 21. Nf6+ Ke7 22. Nxg4 Bxg2 23. Bf6+ Kd7 24. Rg1 Be4 25.
O-O-O h5 26. Nxe5+ dxe5 27. Bxe5 Bh6+ 28. Kb1 Kc6 29.
Bxb8 a5 30. Rxd4 Bd5 31. Bxd5+ Kc5 32. Ba7+ Kb5 33. Rg6 Bd2 34. Rb6+ Ka4 35. Bc6# 1-0

[Event "Early-Titled-Tuesday-Blitz-September-26-2023"]
[Site "Chess.com"]
[Date "2023.09.26"]
[Round "1"]
[White "salomez"]
[Black "KononenkoD"]
[Result "1-0"]
[WhiteElo "2318"]
[BlackElo "2600"]
[TimeControl "180+1"]
[EndTime "8:06:02 PDT"]
[Termination "salomez won by checkmate"]

1. d4 Nf6 2. Nf3 g6 3. e3 c5 4. b3 cxd4 5. Nxd4 Bg7 6. Bb2 Nc6 7. Be2 O-O 8. O-O d6 9. c4 Bd7 10. Bf3 Rc8 11. Nc3 a6 12. Nd5 Nxd5 13. cxd5 Nxd4 14. Bxd4 Bxd4 15. Qxd4 Qa5 16. Rfd1 Rc2 17. Qe4 Qc7 18. Qxe7 Re8 19. Qf6 Rc8 20. h4 Qc3 21. Qe7 Qc7 22.
h5 Bf5 23. Qf6 Qc3 24. Qxd6 Qb2 25. e4 Bh3 26. gxh3 Rxf2 27. Qg3 Rcc2 28. d6 Qf6 29. d7 Qd8 30. hxg6 hxg6 31. Qxf2 Rxf2 32. Kxf2 Kg7 33. Rac1 Qh4+ 34. Ke2 Qxh3 35. d8=Q Qh2+ 36. Ke3 Qh6+ 37. Kd3 Qf4 38. Qd4+ f6 39. Qd7+ Kh6 40. Rh1+ Kg5 41. Rcg1+ Qg3 42. Rxg3+ Kf4 43. Qg4+ Ke5 44. Qxg6 Kd6 45.
Qf5 Kc6 46. Qxf6+ Kc7 47. Rg7+ Kb8 48. Rxb7+ Kxb7 49. Rh7+ Kc8 50. Qh8# 1-0

[Event "Early-Titled-Tuesday-Blitz-September-26-2023"]
[Site "Chess.com"]
[Date "2023.09.26"]
[Round "1"]
[White "stasOR4ik"]
[Black "Witik"]
[Result "0-1"]
[WhiteElo "2445"]
[BlackElo "2745"]
[TimeControl "180+1"]
[EndTime "8:06:07 PDT"]
[Termination "Witik won by resignation"]

1. e4 c6 2. c4 e5 3. Nc3 d6 4. g3 f5 5. exf5 Bxf5 6. d4 Nd7 7. Nf3 Ngf6 8. dxe5 dxe5 9. Bg2 Bb4 10. O-O O-O 11. Qb3 a5 12. a3 Nc5 13. Qd1 Bxc3 14.
bxc3 Bd3 15. Re1 e4 16. Ne5 a4 17. Be3 Nb3 18. Ra2 Re8 19. Nxd3 exd3 20. Bf1 d2 21. Bxd2 Ne4 22. Bf4 Qxd1 23. Rxd1 Nxc3 24. Rad2 Nxd1 25. Rxd1 Rad8 26. Bd3 Nc5 0-1

[Event "Early-Titled-Tuesday-Blitz-September-26-2023"]
[Site "Chess.com"]
[Date "2023.09.26"]
[Round "1"]
[White "atigerman"]
[Black "ViktoriyaTarasova"]
[Result "1-0"]
[WhiteElo "2700"]
[BlackElo "2403"]
[TimeControl "180+1"]
[EndTime "8:06:07 PDT"]
[Termination "atigerman won by resignation"]

1. e4 e5 2. Nf3 Nc6 3. Nc3 Nf6 4. Bb5 Nd4 5. Nxd4 exd4 6. e5 dxc3 7. exf6 Qxf6 8.
dxc3 Be7 9. O-O O-O 10. Re1 c6 11.
Bd3 d5 12. Qh5 g6 13. Qh6 Bc5 14. Bf4 Qg7 15. Qh4 h5 16. b4 Bb6 17. Bd6 Rd8 18. Be7 Re8 19. Bf6 Qf8 20. Qg5 Re6 21. Rxe6 Bxe6 22.
Bxg6 1-0

[Event "Early-Titled-Tuesday-Blitz-September-26-2023"]
[Site "Chess.com"]
[Date "2023.09.26"]
[Round "1"]
[White "Antik5"]
[Black "profedechess93"]
[Result "0-1"]
[WhiteElo "2375"]
[BlackElo "2675"]
[TimeControl "180+1"]
[EndTime "8:06:10 PDT"]
[Termination "profedechess93 won on time"]

1. c4 e5 2. Nc3 Bb4 3. Nd5 a5 4. Nf3 Nc6 5. g3 e4 6. Nh4 d6 7.
Ng2 Nf6 8. Nge3 Bc5 9. Bg2 h5 10. Nxf6+ Qxf6 11. Bxe4 h4 12. d3 Bd7 13. Bd2 hxg3 14. hxg3 Rxh1+ 15. Bxh1 Qh6 16. Be4 Qh2 17. Bc3 Qg1+ 18. Kd2 Qxf2 19. Nd5 O-O-O 20. Qf1 Qxg3 21. Qxf7 Bb4 22. Bxb4 axb4 23. Ne7+ Nxe7 24. Qxe7 Qf4+ 25. Kc2 Qe3 26. Bf3 Qxe7 0-1

[Event "Early-Titled-Tuesday-Blitz-September-26-2023"]
[Site "Chess.com"]
[Date "2023.09.26"]
[Round "1"]
[White "DTChess"]
[Black "NowInChess"]
[Result "1-0"]
[WhiteElo "2594"]
[BlackElo "2255"]
[TimeControl "180+1"]
[EndTime "8:06:14 PDT"]
[Termination "DTChess won on time"]

1. e4 e6 2. d4 d5 3. Nc3 Nc6 4. Nf3 Nf6 5. exd5 exd5 6. h3 Bb4 7. Bd3 O-O 8. O-O Be6 9. Ne2 Qd7 10. c3 Be7 11. Qc2 h6 12. Nf4 Rae8 13. Nxe6 Qxe6 14. Re1 Qd6 15. Ne5 Nd7 16. Nxc6 Qxc6 17. Bd2 Nf6 18. Re2 Bd6 19. Rae1 Rxe2 20. Rxe2 Re8 21. Qd1 Rxe2 22.
Qxe2 Qe8 23. Qf3 Ne4 24. Be3 c6 25. g3 Qe6 26. Kg2 f5 27. h4 Qg6 28. Bf4 Qe6 29.
Bc1 Qg6 30. c4 Qe6 31. b3 Bb4 32. Be3 Bc3 33. Qf4 Kh7 34. h5 Qf6 35. f3 Nd6 36. c5 Nf7 37. Bxf5+ 1-0

[Event "Early-Titled-Tuesday-Blitz-September-26-2023"]
[Site "Chess.com"]
[Date "2023.09.26"]
[Round "1"]
[White "KamlaPasand"]
[Black "Jagerrmeisterr"]
[Result "1-0"]
[WhiteElo "2432"]
[BlackElo "2687"]
[TimeControl "180+1"]
[EndTime "8:06:15 PDT"]
[Termination "KamlaPasand won by resignation"]

1. e4 c6 2. d4 d5 3. Nc3 g6 4. exd5 cxd5 5. Bb5+ Bd7 6. Bxd7+ Qxd7 7. Nf3 Nc6 8. O-O Bg7 9. Bf4 Nf6 10. Ne5 Qf5 11.
Bg3 O-O 12. Qd2 Nb4 13. Rac1 Rac8 14. a3 Nc6 15. Rfe1 Rfe8 16. f3 Nh5 17. Nxd5 Nxg3 18.
hxg3 Nxe5 19. dxe5 h5 20. Qf4 Qe6 21. Nb4 Rc4 22. Re4 Rec8 23. c3 Kh7 24. Rce1 Bh6 25. Qh4 a5 26. Nd3 b5 27. g4 hxg4 28. fxg4 g5 29.
Qh5 Kg7 30. Qh3 Qd5 31. Qf3 Rd8 32. Nf2 Qd2 33. R4e2 Qf4 34. Ne4 Qxe5 35. Ng3 Qc5+ 36. Kf1 e6 37. Ne4 Qe5 38. Kg1 Qf4 39. Qxf4 gxf4 40.
g5 Bxg5 41. Nxg5 Rd5 42. Nh3 b4 43. axb4 axb4 44. Re4 Rxe4 45. Rxe4 bxc3 46. bxc3 e5 47. Nf2 f5 48. Re1 Kf6 49. Kf1 e4 50. c4 Rd4 51.
Rc1 Ke6 52. c5 Kd7 53. c6+ Kc7 54. Nh3 e3 55. Ke2 Rd2+ 56. Kf3 Rf2+ 57. Nxf2 1-0

[Event "Early-Titled-Tuesday-Blitz-September-26-2023"]
[Site "Chess.com"]
[Date "2023.09.26"]
[Round "1"]
[White "Sattarov_Bobur"]
[Black "Eloist"]
[Result "1-0"]
[WhiteElo "2849"]
[BlackElo "2491"]
[TimeControl "180+1"]
[EndTime "8:06:19 PDT"]
[Termination "Sattarov_Bobur won on time"]

1. e4 e6 2. d4 d5 3. e5 c5 4. c3 Qb6 5. Nf3 Bd7 6. Bd3 cxd4 7.
O-O dxc3 8. Nxc3 Ne7 9. Be3 Qd8 10. h4 Nbc6 11. h5 h6 12. Rc1 Nc8 13. Re1 Be7 14. Qd2 Nb6 15. b3 Ba3 16. Nb5 Bb4 17. Nd6+ Bxd6 18. exd6 Qf6 19. Bf4 O-O 20. Bb1 Rfe8 21. Ne5 Nxe5 22. Bxe5 Qg5 23. Qd3 f5 24. Rc7 Rac8 25.
Qc3 Rxc7 26. Qxc7 Rc8 27. Qxb7 Rc1 28. Rxc1 Qxc1+ 29. Kh2 Qxb1 30. Qb8+ Kf7 31. Qh8 1-0

[Event "Early-Titled-Tuesday-Blitz-September-26-2023"]
[Site "Chess.com"]
[Date "2023.09.26"]
[Round "1"]
[White "Squirlolz"]
[Black "Vladimir_Zakhartsov"]
[Result "0-1"]
[WhiteElo "2490"]
[BlackElo "2842"]
[TimeControl "180+1"]
[EndTime "8:06:19 PDT"]
[Termination "Vladimir_Zakhartsov won by resignation"]

1. e4 c5 2. Nf3 d6 3. d4 Nf6 4. Nc3 cxd4 5. Nxd4 g6 6. Be3 Bg7 7. Be2 Nc6 8. Qd2 O-O 9. O-O d5 10. Nxc6 bxc6 11. exd5 cxd5 12. Rad1 e6 13. Bh6 Rb8 14.
b3 Qa5 15. Bxg7 Kxg7 16. Qd4 Rb4 17. Qd3 Bd7 18. Bf3 Rc8 19. a3 Rbb8 20. Ne2 Qxa3 21. Ra1 Qc5 22. c4 dxc4 23. bxc4 Rb4 24. Rfc1 a5 25. Qd2 a4 26. Nc3 Rxc4 27. Be2 Rxc3 0-1

[Event "Early-Titled-Tuesday-Blitz-September-26-2023"]
[Site "Chess.com"]
[Date "2023.09.26"]
[Round "1"]
[White "AsselLesbekova"]
[Black "Druid24"]
[Result "0-1"]
[WhiteElo "2281"]
[BlackElo "2607"]
[TimeControl "180+1"]
[EndTime "8:06:19 PDT"]
[Termination "Druid24 won by resignation"]

1. e3 Nf6 2. d4 g6 3. Nf3 Bg7 4.
c4 O-O 5. Nc3 d6 6. b3 c5 7. Bb2 Bf5 8. Bd3 Bxd3 9. Qxd3 Nc6 10. O-O Rc8 11. Rad1 cxd4 12. exd4 d5 13. Rfe1 e6 14.
Ba3 Re8 15. Nb5 Bf8 16. Bxf8 Rxf8 17. Ne5 a6 18. Nc3 dxc4 19. Nxc4 Nb4 20. Qd2 b5 21. Ne5 Nbd5 22. Rc1 Nxc3 23. Rxc3 Nd5 24. Rxc8 Qxc8 25. Rc1 Qb7 26. g3 Rc8 27. Rc5 Rxc5 28. dxc5 Qc7 29. Qd4 b4 30. Nd3 a5 31. Qe5 Qc6 32. Qb8+ Kg7 33.
Qe5+ f6 34. Qe4 Kf7 35. Nf4 Ke7 36. Nxd5+ Qxd5 37. Qe3 Kd7 38. Qh6 Qd1+ 39. Kg2 Qh5 40. Qg7+ Kc6 41. Qxf6 Qd5+ 42. Qf3 Kxc5 43. h4 Kd4 44. g4 Qxf3+ 45. Kxf3 Kc3 46. h5 Kb2 47. hxg6 hxg6 48. Kf4 Kxa2 49. Kg5 a4 50. Kxg6 axb3 51. f4 b2 52. Kf7 b1=Q 53. g5 Qf5+ 0-1

[Event "Early-Titled-Tuesday-Blitz-September-26-2023"]
[Site "Chess.com"]
[Date "2023.09.26"]
[Round "1"]
[White "Vesper2018"]
[Black "Zhani-Z"]
[Result "1-0"]
[WhiteElo "2583"]
[BlackElo "2217"]
[TimeControl "180+1"]
[EndTime "8:06:19 PDT"]
[Termination "Vesper2018 won by resignation"]

1. e4 c5 2. Nc3 e6 3. Nf3 Nc6 4. d4 Nxd4 5. Nxd4 cxd4 6. Qxd4 Qb6 7. Qxb6 axb6 8. Nb5 Kd8 9. Bf4 Nf6 10. Bc7+ Ke7 11. f3 d5 12. Bxb6 dxe4 13. O-O-O Bd7 14. Kb1 exf3 15.
gxf3 Nd5 16. Bf2 Kf6 17. Rg1 Bxb5 18. Bxb5 Bb4 19. Bh4+ Ke5 20. Rxg7 f5 21. Rxb7 Rhb8 22. Rxb8 Rxb8 23. a4 Rd8 24. Kc1 Kf4 25. Bxd8 1-0

[Event "Early-Titled-Tuesday-Blitz-September-26-2023"]
[Site "Chess.com"]
[Date "2023.09.26"]
[Round "1"]
[White "Emp3rador"]
[Black "BogdanDeac"]
[Result "0-1"]
[WhiteElo "2519"]
[BlackElo "2971"]
[TimeControl "180+1"]
[EndTime "8:06:22 PDT"]
[Termination "BogdanDeac won by resignation"]

1. e4 c6 2. d4 d5 3. exd5 cxd5 4. Bd3 Nf6 5. h3 Nc6 6. c3 g6 7. Qc2 Qc7 8. Nf3 Bg7 9. O-O O-O 10. Re1 Nh5 11.
Nbd2 f6 12. Qb3 Nf4 13. Bf1 e5 14. dxe5 fxe5 15. c4 e4 16. Ng5 Na5 17. Qa3 h6 18.
cxd5 hxg5 19. Nxe4 Nc4 20. Bxc4 Qxc4 21. Nxg5 Nd3 22.
Re2 Nxc1 0-1

[Event "Early-Titled-Tuesday-Blitz-September-26-2023"]
[Site "Chess.com"]
[Date "2023.09.26"]
[Round "1"]
[White "chesskov1982"]
[Black "kreonx"]
[Result "1-0"]
[WhiteElo "2792"]
[BlackElo "2470"]
[TimeControl "180+1"]
[EndTime "8:06:23 PDT"]
[Termination "chesskov1982 won by resignation"]

1. d4 Nf6 2. c4 e6 3. Nc3 Bb4 4. Qc2 d5 5. Nf3 O-O 6. Bg5 h6 7. Bh4 c5 8. dxc5 Na6 9. e3 Nxc5 10. Be2 Nce4 11. O-O Bxc3 12. bxc3 g5 13. Bg3 Nxg3 14. hxg3 dxc4 15. Bxc4 Qc7 16. Bb3 b6 17. c4 Bb7 18.
Qb2 Nd7 19. Rfd1 Bxf3 20. gxf3 Rfd8 21. f4 e5 22. fxg5 hxg5 23. Rd5 Nc5 24. Rxe5 Nd3 25.
Rxg5+ Kf8 26. Qg7+ Ke7 27. Rf5 Rf8 28. c5 Nxc5 29.
Rxf7+ Rxf7 30. Qxf7+ Kd6 31. Rd1+ Kc6 32. Bd5+ Kb5 33.
Qxc7 1-0

[Event "Early-Titled-Tuesday-Blitz-September-26-2023"]
[Site "Chess.com"]
[Date "2023.09.26"]
[Round "1"]
[White "Legendinunknown"]
[Black "ChainedDowntohell"]
[Result "1-0"]
[WhiteElo "2832"]
[BlackElo "2482"]
[TimeControl "180+1"]
[EndTime "8:06:24 PDT"]
[Termination "Legendinunknown won on time"]

1. d4 Nf6 2. Nf3 b6 3. Bg5 Bb7 4. Nbd2 h6 5. Bxf6 exf6 6. e4 d5 7. Bd3 Bd6 8. O-O O-O 9. exd5 Bxd5 10. Be4 Bxe4 11. Nxe4 f5 12. Nxd6 Qxd6 13. Qd3 g6 14. Rae1 Nc6 15. c3 Rfe8 16. h3 Kg7 17. a3 Rad8 18.
Rxe8 Rxe8 19. Re1 Rxe1+ 20. Nxe1 Qd5 21. Nf3 b5 22. Qe2 a5 23. Nd2 b4 24. axb4 axb4 25. Qc4 Qd6 26. Nf3 bxc3 27. bxc3 Kf6 28. h4 g5 29. hxg5+ hxg5 30. g3 g4 31. Nd2 Ne7 32. Nf1 Nd5 33. Qd3 Qe6 34. c4 Ne7 35. Ne3 Ng6 36.
d5 Qe5 37. c5 f4 38. Nxg4+ 1-0

[Event "Early-Titled-Tuesday-Blitz-September-26-2023"]
[Site "Chess.com"]
[Date "2023.09.26"]
[Round "1"]
[White "venturov"]
[Black "SchmakAttack"]
[Result "0-1"]
[WhiteElo "2470"]
[BlackElo "2791"]
[TimeControl "180+1"]
[EndTime "8:06:24 PDT"]
[Termination "SchmakAttack won by checkmate"]

1. e4 e5 2. Nf3 Nc6 3. d4 exd4 4. Nxd4 Qf6 5. Nf3 Bb4+ 6. c3 Bc5 7. Be2 Nge7 8. O-O d6 9. Nbd2 O-O 10. Nb3 Bb6 11. Nbd4 h6 12. Re1 Re8 13. Be3 Ng6 14. Nxc6 bxc6 15. Bd4 Bxd4 16. Nxd4 c5 17. Bb5 Rf8 18.
Nc2 Rb8 19. a4 a6 20. Bf1 Rxb2 21. Ne3 Bb7 22. f3 Qxc3 23. Nd5 Bxd5 24. Qxd5 Nf4 25. Qf5 Qd2 26. Qg4 Rfb8 27. Rad1 Qf2+ 28. Kh1 Ng6 29. Bxa6 Ra2 30. Bb5 c6 31. Bxc6 Ne5 32. Qf4 Qxg2# 0-1

[Event "Early-Titled-Tuesday-Blitz-September-26-2023"]
[Site "Chess.com"]
[Date "2023.09.26"]
[Round "1"]
[White "Tssunami"]
[Black "Aradhya2000"]
[Result "0-1"]
[WhiteElo "2412"]
[BlackElo "2706"]
[TimeControl "180+1"]
[EndTime "8:06:25 PDT"]
[Termination "Aradhya2000 won by resignation"]

1. Nf3 Nf6 2. b3 g6 3. Bb2 Bg7 4. g3 b6 5. Bg2 Bb7 6. O-O O-O 7. c4 c5 8. d3 d6 9. Nbd2 Nbd7 10. a3 Rc8 11. Ra2 Rc7 12. b4 Qa8 13. Qa1 a6 14. Rb1 Bc6 15. Bc3 Rb8 16. Qb2 b5 17. cxb5 axb5 18. Ne1 Nb6 19. Bxc6 Qxc6 20. Qb3 Na4 21. Ba1 c4 22. dxc4 bxc4 23. Qc2 c3 24.
Nb3 Nd5 25. Na5 Qb5 26. e4 Ndb6 27. Nf3 Nc4 28. Nxc4 Qxc4 29. Rc1 Nb2 30. Qb1 c2 31. Qxb2 Bxb2 32. Rxb2 Qxe4 33. Ne1 Rbc8 34. b5 Qe2 35. b6 Rb7 36. a4 Qd2 37. Rbb1 Rxb6 38. Rxc2 Rxc2 39.
Rxb6 Qxe1+ 40. Kg2 Qxa1 0-1

[Event "Early-Titled-Tuesday-Blitz-September-26-2023"]
[Site "Chess.com"]
[Date "2023.09.26"]
[Round "1"]
[White "SargissyanSargis"]
[Black "sofaceindisguise"]
[Result "1-0"]
[WhiteElo "2414"]
[BlackElo "2682"]
[TimeControl "180+1"]
[EndTime "8:06:25 PDT"]
[Termination "SargissyanSargis won by resignation"]

1. e4 c5 2. Nf3 e6 3. d4 cxd4 4. Nxd4 Nf6 5. Nc3 Nc6 6. Ndb5 Bc5 7. Bf4 O-O 8. Bc7 Qe7 9. Bd6 Bxd6 10. Qxd6 Qd8 11. O-O-O a6 12. Nd4 Ne7 13. Be2 b5 14.
e5 Nfd5 15. Nxd5 Nxd5 16. Bf3 Bb7 17. Kb1 f6 18. Nf5 fxe5 19. Bxd5 exd5 20. Ne7+ Kh8 21. Nxd5 Rxf2 22. Qxe5 Qe8 23. Qd4 Qe2 24. Ne3 Bc6 25. Rhe1 Qh5 26. g4 Qxh2 27. Nf5 Rg8 28. Re8 Rxf5 29.
Rxg8+ Kxg8 30. gxf5 Qh5 31. Rg1 Qf7 32. Qe5 h6 33. f6 g5 34. Re1 Bd5 35. Qb8+ Qf8 36. Re8 1-0

[Event "Early-Titled-Tuesday-Blitz-September-26-2023"]
[Site "Chess.com"]
[Date "2023.09.26"]
[Round "1"]
[White "GP9isback23"]
[Black "InitiatingASC"]
[Result "1-0"]
[WhiteElo "2647"]
[BlackElo "2347"]
[TimeControl "180+1"]
[EndTime "8:06:25 PDT"]
[Termination "GP9isback23 won on time"]

1. Nf3 Nf6 2. d4 e6 3. Bg5 d5 4. e3 c5 5. c3 Nc6 6. Bxf6 Qxf6 7. Nbd2 cxd4 8. exd4 Bd6 9. Be2 O-O 10. O-O e5 11.
dxe5 Nxe5 12. Nxe5 Qxe5 13. Nf3 Qh5 14. g3 Bh3 15. Re1 Rfe8 16. Nd4 Rxe2 17. Qxe2 Bg4 18. f3 Bd7 19. Rad1 Qg5 20. Qf2 h5 21. f4 Qg4 22.
Qf3 Qxf3 23. Nxf3 Bc5+ 24. Kg2 Bc6 25. Nd4 Bd7 26. Rd2 Rd8 27. Re5 g6 28. h4 Bg4 29.
Nb3 Bb6 30. Rexd5 Re8 31. Re5 Rxe5 32. fxe5 Kf8 33. Nd4 Ke7 34. Kf2 Bc7 35. Nf3 Bb6+ 36. Kg2 Be3 37. Re2 Bb6 38. c4 Ke6 39. b4 Bc7 40. Ng5+ 1-0

[Event "Early-Titled-Tuesday-Blitz-September-26-2023"]
[Site "Chess.com"]
[Date "2023.09.26"]
[Round "1"]
[White "Aswathchess"]
[Black "EvgenyBurmakin"]
[Result "1-0"]
[WhiteElo "2613"]
[BlackElo "2294"]
[TimeControl "180+1"]
[EndTime "8:06:26 PDT"]
[Termination "Aswathchess won by resignation"]

1. e4 c5 2. Nc3 Nc6 3. Bb5 Nd4 4. Nf3 Nxb5 5. Nxb5 a6 6. Nc3 e6 7. O-O d6 8. d4 cxd4 9. Qxd4 Nf6 10. Bg5 Be7 11.
Rfd1 O-O 12. Bxf6 Bxf6 13. Qxd6 Qxd6 14. Rxd6 Bxc3 15. bxc3 b5 16. Rad1 Bb7 17. R1d4 Rac8 18. Rb6 Ba8 19. Rxa6 Rxc3 20. Ne1 e5 21. Rb4 Rd8 22.
f3 Bc6 23. Rb3 Rc4 24. c3 g6 25. Kf2 Rd1 26. Ke2 Ra1 27. Nc2 Rc1 28. Kd2 Rg1 29. Ne3 Rc5 30. Ra5 Kg7 31. c4 bxc4 32. Rxc5 cxb3 33. axb3 Bd7 34. Rxe5 Be6 35. b4 Rb1 36. b5 Rb2+ 37. Kc3 Re2 38. Kd3 Rb2 39. Rc5 f5 40. exf5 gxf5 41. f4 Kf6 42. Nc2 Rb3+ 43. Kd2 Rb2 44.
Kc1 Rb3 45. Rc6 Rxb5 46. Rxe6+ Kxe6 47. Nd4+ Kd5 48. Nxb5 Ke4 49. g3 Kf3 50. Nd6 Kg2 51. Nxf5 Kxh2 52. Kd2 Kh3 53. Ke3 Kg4 54. Ke4 h5 55.
Ng7 Kxg3 56. Nxh5+ Kg4 57. Ng7 1-0

[Event "Early-Titled-Tuesday-Blitz-September-26-2023"]
[Site "Chess.com"]
[Date "2023.09.26"]
[Round "1"]
[White "KVAIDAN"]
[Black "hakanazeri2"]
[Result "0-1"]
[WhiteElo "2245"]
[BlackElo "2591"]
[TimeControl "180+1"]
[EndTime "8:06:26 PDT"]
[Termination "hakanazeri2 won by checkmate"]

1. f4 Nf6 2. Nf3 d5 3. e3 c5 4.
b3 Nc6 5. Bb5 Bd7 6. Bb2 e6 7.
O-O Qc7 8. Bxc6 Bxc6 9. Ne5 Bd6 10. Rf3 O-O-O 11. Rg3 Rhg8 12. d3 d4 13. exd4 cxd4 14.
Bxd4 Nd5 15. Nc4 Bxf4 16. Rh3 g5 17. Nbd2 g4 18. Rxh7 e5 19. Bf2 Nc3 20. Qe1 Rh8 21. Rxh8 Rxh8 22. g3 Bxd2 23. Qxd2 f6 24. h4 gxh3 25.
Kh2 Nb5 26. Qe2 Kb8 27. Qe3 Nd4 28. Nd2 b6 29. c3 Nc2 30. Qe2 Nxa1 31. Qd1 Qd6 32.
Nc4 Qd5 33. Ne3 Qg2+ 34. Nxg2 hxg2+ 35. Kg1 Rh1# 0-1

[Event "Early-Titled-Tuesday-Blitz-September-26-2023"]
[Site "Chess.com"]
[Date "2023.09.26"]
[Round "1"]
[White "HATilay"]
[Black "Elaisaz"]
[Result "1-0"]
[WhiteElo "2564"]
[BlackElo "2161"]
[TimeControl "180+1"]
[EndTime "8:06:26 PDT"]
[Termination "HATilay won by resignation"]

1. d4 d5 2. c4 c6 3. Nf3 g6 4.
Nc3 Bg7 5. e3 Nf6 6. cxd5 Nxd5 7.
Bc4 O-O 8. O-O Nxc3 9. bxc3 c5 10. a4 Nc6 11. Ba3 b6 12. Be2 Qc7 13. h3 Na5 14.
Rc1 Rd8 15. c4 cxd4 16. exd4 Bf5 17. Re1 Bh6 18. Rc3 Rac8 19. Bf1 Be6 20. Rxe6 fxe6 21.
Qe2 Qd7 22. Ne5 Qxd4 23. Ng4 Bg7 24. Qxe6+ Kh8 25. Rd3 Qxc4 26. Rxd8+ Rxd8 27. Bxc4 1-0

[Event "Early-Titled-Tuesday-Blitz-September-26-2023"]
[Site "Chess.com"]
[Date "2023.09.26"]
[Round "1"]
[White "scarabee43"]
[Black "andrzej"]
[Result "1-0"]
[WhiteElo "2800"]
[BlackElo "2472"]
[TimeControl "180+1"]
[EndTime "8:06:27 PDT"]
[Termination "scarabee43 won by checkmate"]

1. d4 d5 2. c4 dxc4 3. Nf3 Nf6 4. e3 e6 5. Bxc4 c5 6. O-O Nc6 7. Qe2 a6 8. Rd1 b5 9. dxc5 Qc7 10. Bb3 Bxc5 11.
Nc3 Bb7 12. h3 Bd6 13. e4 O-O 14. Bg5 Ne5 15. Bxf6 gxf6 16. Rac1 Qe7 17. Nd4 Ng6 18. g3 Kh8 19. Qh5 Rg8 20. Kh2 Rac8 21. a3 Rc5 22.
Qh6 Qc7 23. Ncxb5 axb5 24. Nxb5 Bxg3+ 25. fxg3 Qe5 26. Nd6 Qxb2+ 27. Rd2 Qxd2+ 28. Qxd2 Ne5 29. Nxf7+ Kg7 30. Qh6+ Kxf7 31. Rxc5 Nf3+ 32. Kg2 Bxe4 33. Rc7+ Ke8 34. Kf2 Ng5 35. Qxf6 Rf8 36. Re7+ Kd8 37. Qxf8# 1-0

[Event "Early-Titled-Tuesday-Blitz-September-26-2023"]
[Site "Chess.com"]
[Date "2023.09.26"]
[Round "1"]
[White "GaalZsoka"]
[Black "Iball95"]
[Result "0-1"]
[WhiteElo "2466"]
[BlackElo "2779"]
[TimeControl "180+1"]
[EndTime "8:06:28 PDT"]
[Termination "Iball95 won by resignation"]

1. Nf3 d5 2. g3 Nf6 3. Bg2 c5 4.
O-O Nc6 5. b3 e5 6. Bb2 e4 7.
Ne1 Be7 8. d3 O-O 9. c4 exd3 10.
Nxd3 d4 11. Nd2 Bf5 12. Nf3 Rc8 13. Nfe5 Nxe5 14. Nxe5 Qc7 15. Nd3 Rfe8 16. Nf4 Bd6 17. Bc1 Be4 18. Bxe4 Rxe4 19. Nd5 Nxd5 20. cxd5 Qe7 21.
e3 dxe3 22. Bxe3 Re8 23. Qd3 h5 24. Rac1 h4 25. Bd2 Qe5 26. Rfe1 h3 27. Rxe4 Qxe4 28. Qxe4 Rxe4 29. Be3 b6 30. Kf1 f5 31. Ke2 g5 32.
Kd3 g4 33. Rc4 Re5 34. Rc1 b5 35. Ke2 Rxd5 36. Rd1 Rxd1 37. Kxd1 Kf7 38. Kc2 Ke6 39. a3 Kd5 40. b4 cxb4 41. axb4 Bxb4 42. Bxa7 Bc5 43.
Bxc5 Kxc5 44. Kc3 b4+ 45. Kb3 Kb5 46. Kb2 Kc4 0-1

[Event "Early-Titled-Tuesday-Blitz-September-26-2023"]
[Site "Chess.com"]
[Date "2023.09.26"]
[Round "1"]
[White "wannabe2700"]
[Black "HrvojeZagreb"]
[Result "1-0"]
[WhiteElo "2609"]
[BlackElo "2286"]
[TimeControl "180+1"]
[EndTime "8:06:30 PDT"]
[Termination "wannabe2700 won on time"]

1. f4 d5 2. Nf3 g6 3. g3 Bg7 4.
Bg2 Nh6 5. O-O O-O 6. d3 c6 7. e4 dxe4 8. dxe4 Qb6+ 9. Kh1 Bxb2 10. Bxb2 Qxb2 11. Nbd2 Rd8 12. Nc4 Rxd1 13. Nxb2 Rxa1 14.
Rxa1 Na6 15. Nd4 Bd7 16. Rd1 Nc5 17. Nb3 Nxb3 18. Rxd7 Nc5 19. Rxe7 Rd8 20. Bf1 Kf8 21. Rc7 Rd2 22. Nd3 Nxe4 23. Rxb7 Rxc2 24. Rxa7 Nf5 25.
Ne5 Ne3 26. Ra3 Nxf1 27. Kg1 Nfd2 28. Ra8+ Kg7 29. Ra7 Nd6 30. Ra6 N2e4 31. Nxc6 h5 32. Ne5 h4 33. gxh4 Nf5 34. Ra7 Ned6 35. Ra6 Rd2 36. h5 gxh5 37. a4 h4 38. h3 Ne3 39.
Ra7 Kf6 40. a5 Kf5 41. Rd7 Kxf4 42. Nxf7 1-0

[Event "Early-Titled-Tuesday-Blitz-September-26-2023"]
[Site "Chess.com"]
[Date "2023.09.26"]
[Round "1"]
[White "DonkyDonkyDonkey"]
[Black "GameOverBro"]
[Result "1-0"]
[WhiteElo "2723"]
[BlackElo "2422"]
[TimeControl "180+1"]
[EndTime "8:06:31 PDT"]
[Termination "DonkyDonkyDonkey won by resignation"]

1. e4 d6 2. d4 Nf6 3. Nc3 e5 4.
Nf3 Nbd7 5. Bc4 Be7 6. O-O c6 7. a4 h6 8. Ba2 Qc7 9. Re1 Nf8 10. h3 Ng6 11. Be3 O-O 12. Qd2 Kh7 13. Rad1 a6 14. d5 c5 15. Qe2 Bd7 16. Bb3 Rab8 17. Bc4 b5 18. axb5 axb5 19. Bxb5 Nxe4 20. Bxd7 Nxc3 21. bxc3 Qxd7 22. Ra1 f5 23. Qa6 e4 24. Nh2 Bf6 25. Ra3 Ra8 26. Qxa8 Rxa8 27. Rxa8 Qb7 28. Ra3 Qxd5 29. Nf1 f4 30. Bc1 Ne5 31. Nd2 e3 32.
fxe3 Bh4 33. e4 Qb7 34. Rf1 Bg3 35. c4 Qb4 36. Rb3 Qa4 37. Bb2 Qa5 38. Bc3 Qa2 39. Bb2 h5 40. Ra1 1-0

[Event "Early-Titled-Tuesday-Blitz-September-26-2023"]
[Site "Chess.com"]
[Date "2023.09.26"]
[Round "1"]
[White "eCztery"]
[Black "carokannlover213"]
[Result "0-1"]
[WhiteElo "2389"]
[BlackElo "2693"]
[TimeControl "180+1"]
[EndTime "8:06:31 PDT"]
[Termination "carokannlover213 won on time"]

1. e4 e6 2. Nc3 c5 3. Nf3 Nc6 4. d4 cxd4 5. Nxd4 Nf6 6. g3 Bb4 7. Bg2 Qa5 8. O-O Bxc3 9. bxc3 Qxc3 10. Nb5 Qxa1 11. Qd6 Qe5 12. Nc7+ Kd8 13. Qxe5 Nxe5 14. Nxa8 b6 15. Bf4 Ng6 16. Bd6 Ne8 17. e5 Ba6 18. Rb1 Kc8 19. Rb3 Nxd6 20. exd6 Bb7 21. Nc7 Bxg2 22. Kxg2 Ne5 23. Rc3 Kb7 24. Nb5 Nc6 25. a4 a6 26. Nc7 Rc8 27. Rf3 f6 28. Rb3 Na5 29. Rb2 Nc4 0-1